[ AOE2 MATCH · #488744579 ]
UnrankedTupi vs Wei
[ REPLAY ANALYSIS · EXTRACTED FROM THE RECORDED GAME ]
Feudal
9:00
Castle
19:54
Imperial
35:14
| APM avg | 64.3 |
| APM peak | 129 |
| eAPM avg | 34.5 |
| Villagers / military | 104 / 18 |
Focus
⚔️ 51.9% · 🌾 48.1%
Unknown (2579) ×54 · Archer ×10 · Unknown (2550) ×5 · Trebuchet (Packed) ×4 · Monk ×3 · Spearman ×1
Feudal
9:33
Castle
20:49
Imperial
—
| APM avg | 58.8 |
| APM peak | 129 |
| eAPM avg | 20.1 |
| Villagers / military | 103 / 8 |
Focus
⚔️ 27.9% · 🌾 72.1%
Unknown (1944) ×49 · Scout Cavalry ×8 · Unknown (1949) ×3
Feudal
9:19
Castle
19:18
Imperial
—
| APM avg | 61.8 |
| APM peak | 113 |
| eAPM avg | 29.7 |
| Villagers / military | 186 / 120 |
Focus
⚔️ 35.2% · 🌾 64.8%
Knight ×109 · Scout Cavalry ×9 · Monk ×2
Feudal
8:43
Castle
21:46
Imperial
—
| APM avg | 47.7 |
| APM peak | 91 |
| eAPM avg | 22.6 |
| Villagers / military | 157 / 13 |
Focus
⚔️ 37.9% · 🌾 62.1%
Unknown (2550) ×93 · Archer ×10 · Unknown (2586) ×5 · Spearman ×2 · Monk ×1
Match map
Initial resources + every placement click. Lines = walls · curves = elevation contours. ◆ gold · ⬟ stone · ● berries · ✦ relic · ◌ wall gap
Your base· ✓ Closed at 19:54 · 8t walls · 2 gate(s)
Fliewa's base· ✓ Closed at 20:49 · 9t walls · 1 gate(s)
FMG | Santiago's base· ✓ Closed at 19:18 · 0t walls · 1 gate(s)
gardensalad's base· ✓ Closed at 21:46 · 26t walls · 1 gate(s)
Smoothed initial terrain · ◌ = detected wall gap · hover for details
Inputs per minute
— FMG | GreatMaty - - Fliewa
Build order — FMG | GreatMaty
First 150 of 326 actions detected
| 0:01 | Create | Villager (Male) |
| 0:01 | Create | Villager (Male) |
| 0:02 | Build | House |
| 0:03 | Build | House |
| 0:08 | Create | Villager (Male) |
| 0:08 | Create | Villager (Male) |
| 0:08 | Create | Villager (Male) |
| 1:03 | Create | Villager (Male) |
| 1:04 | Create | Villager (Male) |
| 1:27 | Create | Villager (Male) |
| 1:28 | Create | Villager (Male) |
| 1:56 | Build | Settlement |
| 2:04 | Create | Villager (Male) |
| 2:46 | Create | Villager (Male) |
| 2:46 | Create | Villager (Male) |
| 3:08 | Create | Villager (Male) |
| 3:09 | Create | Villager (Male) |
| 3:10 | Create | Villager (Male) |
| 3:11 | Create | Villager (Male) |
| 3:39 | Build | House |
| 4:02 | Create | Villager (Male) |
| 4:25 | Create | Villager (Male) |
| 4:43 | Build | Barracks |
| 4:46 | Create | Villager (Male) |
| 5:20 | Create | Villager (Male) |
| 5:41 | Create | Villager (Male) |
| 6:05 | Research | Loom |
| 6:08 | Build | Settlement |
| 6:50 | Research | Feudal Age |
| 7:14 | Create | Unit 2550 |
| 7:14 | Create | Unit 2550 |
| 7:45 | Create | Unit 2550 |
| 8:09 | Create | Unit 2550 |
| 8:19 | Build | House |
| 8:21 | Build | Palisade Wall |
| 8:45 | Create | Villager (Male) |
| 9:00 | Age | Feudal Age |
| 9:02 | Research | Tech 1402 |
| 9:02 | Research | Tech 1402 |
| 9:04 | Research | Double-Bit Axe |
| 9:19 | Build | Archery Range |
| 9:30 | Create | Villager (Male) |
| 9:35 | Create | Spearman |
| 9:53 | Create | Villager (Male) |
| 10:12 | Create | Villager (Male) |
| 10:15 | Create | Archer |
| 10:19 | Create | Unit 2550 |
| 10:24 | Build | Farm |
| 10:25 | Build | Farm |
| 10:38 | Create | Villager (Male) |
| 10:46 | Build | Palisade Gate |
| 10:58 | Create | Villager (Male) |
| 10:59 | Create | Archer |
| 11:13 | Build | Farm |
| 11:24 | Create | Villager (Male) |
| 11:36 | Create | Villager (Male) |
| 11:47 | Create | Villager (Male) |
| 11:48 | Create | Archer |
| 12:00 | Build | Farm |
| 12:01 | Build | Farm |
| 12:04 | Build | House |
| 12:26 | Create | Villager (Male) |
| 12:27 | Create | Archer |
| 12:30 | Build | House |
| 12:34 | Build | House |
| 12:47 | Build | House |
| 12:59 | Build | Farm |
| 13:09 | Create | Villager (Male) |
| 13:11 | Create | Archer |
| 13:15 | Research | Horse Collar |
| 13:15 | Research | Horse Collar |
| 13:36 | Create | Villager (Male) |
| 13:38 | Build | House |
| 13:44 | Create | Archer |
| 13:47 | Build | House |
| 13:55 | Create | Villager (Male) |
| 13:57 | Build | Farm |
| 14:15 | Create | Villager (Male) |
| 14:17 | Build | Farm |
| 14:17 | Build | Farm |
| 14:27 | Build | Farm |
| 14:38 | Research | Wheelbarrow |
| 14:38 | Research | Wheelbarrow |
| 15:24 | Build | Farm |
| 15:25 | Build | Farm |
| 15:43 | Create | Archer |
| 15:53 | Build | Settlement |
| 16:01 | Create | Villager (Male) |
| 16:21 | Build | Palisade Gate |
| 16:31 | Create | Archer |
| 16:35 | Build | Blacksmith |
| 16:39 | Create | Villager (Male) |
| 17:14 | Build | House |
| 17:14 | Research | Castle Age |
| 17:15 | Research | Castle Age |
| 17:38 | Research | Fletching |
| 17:38 | Research | Fletching |
| 18:23 | Create | Archer |
| 18:47 | Create | Archer |
| 19:07 | Research | Gold Mining |
| 19:07 | Research | Gold Mining |
| 19:07 | Research | Gold Mining |
| 19:15 | Create | Villager (Male) |
| 19:54 | Age | Castle Age |
| 19:57 | Research | Bodkin Arrow |
| 19:57 | Research | Bodkin Arrow |
| 20:01 | Research | Crossbowman (upgrade) |
| 20:01 | Research | Crossbowman (upgrade) |
| 20:02 | Create | Villager (Male) |
| 20:15 | Create | Villager (Male) |
| 20:21 | Research | Bow Saw |
| 20:21 | Research | Bow Saw |
| 20:42 | Create | Villager (Male) |
| 20:51 | Build | Castle |
| 21:16 | Create | Villager (Male) |
| 21:22 | Research | Padded Archer Armor |
| 21:38 | Build | Town Center |
| 21:44 | Create | Villager (Male) |
| 22:01 | Build | Settlement |
| 22:03 | Create | Villager (Male) |
| 22:10 | Create | Unit 2579 |
| 22:10 | Create | Unit 2579 |
| 22:10 | Create | Unit 2579 |
| 22:11 | Create | Unit 2579 |
| 22:32 | Create | Villager (Male) |
| 22:49 | Create | Unit 2579 |
| 23:00 | Create | Unit 2579 |
| 23:09 | Create | Villager (Male) |
| 23:20 | Create | Villager (Male) |
| 23:23 | Build | Settlement |
| 23:27 | Create | Villager (Male) |
| 23:38 | Create | Villager (Male) |
| 23:41 | Create | Villager (Male) |
| 23:50 | Create | Villager (Male) |
| 23:51 | Create | Unit 2579 |
| 24:07 | Create | Unit 2579 |
| 24:37 | Create | Villager (Male) |
| 24:37 | Create | Villager (Male) |
| 24:38 | Create | Villager (Male) |
| 24:38 | Create | Unit 2579 |
| 24:38 | Create | Unit 2579 |
| 24:39 | Create | Unit 2579 |
| 24:46 | Create | Unit 2579 |
| 24:46 | Create | Unit 2579 |
| 24:49 | Create | Villager (Male) |
| 24:53 | Create | Unit 2579 |
| 24:56 | Build | Town Center |
| 24:59 | Create | Villager (Male) |
| 24:59 | Create | Villager (Male) |
| 25:02 | Build | Farm |
Build order — Fliewa
First 150 of 289 actions detected
| 0:01 | Create | Villager (Male) |
| 0:01 | Create | Villager (Male) |
| 0:02 | Build | House |
| 0:05 | Build | House |
| 0:13 | Create | Villager (Male) |
| 0:43 | Create | Villager (Male) |
| 0:43 | Create | Villager (Male) |
| 1:19 | Build | Lumber Camp |
| 1:24 | Create | Villager (Male) |
| 1:24 | Create | Villager (Male) |
| 2:00 | Create | Villager (Male) |
| 2:00 | Create | Villager (Male) |
| 2:15 | Create | Villager (Male) |
| 2:16 | Create | Villager (Male) |
| 2:35 | Create | Villager (Male) |
| 3:16 | Build | House |
| 3:24 | Create | Villager (Male) |
| 3:24 | Create | Villager (Male) |
| 3:42 | Build | House |
| 3:59 | Create | Villager (Male) |
| 4:21 | Create | Villager (Male) |
| 4:21 | Create | Villager (Male) |
| 4:26 | Build | Palisade Wall |
| 5:02 | Create | Villager (Male) |
| 5:02 | Create | Villager (Male) |
| 5:24 | Build | Palisade Gate |
| 5:40 | Create | Villager (Male) |
| 5:41 | Create | Villager (Male) |
| 5:41 | Create | Villager (Male) |
| 5:46 | Build | Mill |
| 6:02 | Build | House |
| 6:16 | Create | Villager (Male) |
| 6:34 | Research | Loom |
| 6:37 | Build | Palisade Wall |
| 6:38 | Build | Palisade Wall |
| 6:39 | Build | Palisade Wall |
| 7:23 | Research | Feudal Age |
| 7:24 | Research | Feudal Age |
| 7:38 | Build | Barracks |
| 8:36 | Build | House |
| 9:33 | Age | Feudal Age |
| 9:38 | Build | Stable |
| 9:44 | Create | Villager (Male) |
| 9:44 | Create | Villager (Male) |
| 9:45 | Research | Double-Bit Axe |
| 10:03 | Create | Villager (Male) |
| 10:16 | Research | Horse Collar |
| 10:31 | Create | Scout Cavalry |
| 10:32 | Create | Scout Cavalry |
| 10:33 | Create | Scout Cavalry |
| 10:34 | Create | Scout Cavalry |
| 10:58 | Create | Villager (Male) |
| 11:05 | Build | Blacksmith |
| 11:18 | Build | Farm |
| 11:24 | Create | Villager (Male) |
| 11:29 | Create | Villager (Male) |
| 11:37 | Build | Farm |
| 11:41 | Build | Farm |
| 11:57 | Build | Farm |
| 11:59 | Create | Villager (Male) |
| 12:30 | Build | Watch Tower |
| 12:45 | Build | Market |
| 12:48 | Build | House |
| 12:53 | Create | Villager (Male) |
| 12:54 | Create | Villager (Male) |
| 12:56 | Build | Farm |
| 13:00 | Build | Farm |
| 13:17 | Create | Villager (Male) |
| 13:45 | Build | Mining Camp |
| 13:46 | Create | Scout Cavalry |
| 13:47 | Create | Scout Cavalry |
| 13:53 | Build | House |
| 14:01 | Build | Farm |
| 14:08 | Create | Villager (Male) |
| 14:15 | Build | Farm |
| 14:17 | Create | Villager (Male) |
| 14:19 | Build | Farm |
| 14:22 | Build | Farm |
| 14:40 | Create | Scout Cavalry |
| 15:02 | Create | Scout Cavalry |
| 15:28 | Create | Villager (Male) |
| 15:29 | Create | Villager (Male) |
| 15:31 | Build | Farm |
| 15:32 | Build | Farm |
| 15:35 | Build | Farm |
| 15:39 | Build | Farm |
| 15:43 | Build | Farm |
| 15:46 | Build | Farm |
| 16:06 | Create | Villager (Male) |
| 16:08 | Build | Farm |
| 16:13 | Build | Mining Camp |
| 16:21 | Create | Villager (Male) |
| 16:28 | Build | Farm |
| 16:31 | Build | House |
| 16:32 | Build | House |
| 16:41 | Build | Farm |
| 17:06 | Create | Villager (Male) |
| 17:43 | Create | Villager (Male) |
| 18:09 | Research | Castle Age |
| 18:40 | Research | Gold Mining |
| 18:40 | Research | Gold Mining |
| 18:53 | Build | Stable |
| 18:55 | Build | Stable |
| 19:14 | Build | Lumber Camp |
| 19:22 | Build | House |
| 19:22 | Build | House |
| 19:27 | Research | Bloodlines |
| 19:30 | Research | Scale Barding Armor |
| 19:58 | Build | Gate |
| 20:23 | Research | Forging |
| 20:24 | Research | Forging |
| 20:30 | Create | Villager (Male) |
| 20:30 | Create | Villager (Male) |
| 20:34 | Build | Farm |
| 20:49 | Age | Castle Age |
| 20:53 | Create | Unit 1944 |
| 20:53 | Create | Unit 1944 |
| 20:53 | Create | Unit 1944 |
| 20:54 | Create | Unit 1944 |
| 21:19 | Create | Unit 1944 |
| 21:20 | Create | Unit 1944 |
| 21:22 | Create | Villager (Male) |
| 21:43 | Research | Chain Barding Armor |
| 21:43 | Research | Chain Barding Armor |
| 21:48 | Create | Unit 1944 |
| 21:48 | Create | Unit 1944 |
| 21:57 | Create | Unit 1944 |
| 21:57 | Create | Unit 1944 |
| 22:02 | Create | Villager (Male) |
| 22:14 | Build | Farm |
| 22:15 | Build | Farm |
| 22:17 | Create | Villager (Male) |
| 22:17 | Create | Villager (Male) |
| 22:24 | Create | Unit 1944 |
| 22:24 | Create | Unit 1944 |
| 22:37 | Create | Unit 1944 |
| 22:37 | Create | Unit 1944 |
| 22:46 | Create | Villager (Male) |
| 22:48 | Build | Farm |
| 22:54 | Create | Unit 1944 |
| 22:55 | Create | Unit 1944 |
| 23:09 | Create | Unit 1944 |
| 23:09 | Create | Unit 1944 |
| 23:15 | Build | Farm |
| 23:19 | Create | Villager (Male) |
| 23:26 | Create | Unit 1944 |
| 23:26 | Create | Unit 1944 |
| 23:44 | Create | Unit 1944 |
| 23:44 | Create | Unit 1944 |
| 23:55 | Create | Unit 1944 |
Build order — FMG | Santiago
First 150 of 460 actions detected
| 0:01 | Create | Villager (Male) |
| 0:02 | Build | House |
| 0:03 | Build | House |
| 0:18 | Create | Villager (Male) |
| 0:18 | Create | Villager (Male) |
| 0:18 | Create | Villager (Male) |
| 0:19 | Create | Villager (Male) |
| 1:24 | Create | Villager (Male) |
| 1:24 | Create | Villager (Male) |
| 1:47 | Create | Villager (Male) |
| 1:47 | Create | Villager (Male) |
| 1:47 | Create | Villager (Male) |
| 2:07 | Create | Villager (Male) |
| 2:07 | Create | Villager (Male) |
| 2:45 | Create | Villager (Male) |
| 2:46 | Create | Villager (Male) |
| 2:46 | Create | Villager (Male) |
| 3:05 | Create | Villager (Male) |
| 3:05 | Create | Villager (Male) |
| 3:05 | Create | Villager (Male) |
| 3:37 | Create | Villager (Male) |
| 3:37 | Create | Villager (Male) |
| 3:37 | Create | Villager (Male) |
| 3:39 | Build | House |
| 3:55 | Create | Villager (Male) |
| 3:55 | Create | Villager (Male) |
| 4:02 | Build | Lumber Camp |
| 4:13 | Create | Villager (Male) |
| 4:13 | Create | Villager (Male) |
| 4:20 | Build | House |
| 4:49 | Create | Villager (Male) |
| 4:54 | Create | Villager (Male) |
| 5:03 | Create | Villager (Male) |
| 5:14 | Build | Palisade Gate |
| 5:49 | Build | Mill |
| 6:05 | Create | Villager (Male) |
| 6:17 | Create | Villager (Male) |
| 6:34 | Create | Villager (Male) |
| 7:09 | Research | Feudal Age |
| 8:00 | Create | Villager (Male) |
| 8:11 | Build | Barracks |
| 9:19 | Age | Feudal Age |
| 9:21 | Build | Stable |
| 9:22 | Research | Double-Bit Axe |
| 9:24 | Create | Villager (Male) |
| 9:28 | Build | House |
| 9:48 | Create | Villager (Male) |
| 9:52 | Research | Horse Collar |
| 10:02 | Create | Scout Cavalry |
| 10:02 | Create | Scout Cavalry |
| 10:24 | Create | Villager (Male) |
| 10:27 | Build | Farm |
| 10:28 | Build | Farm |
| 10:40 | Create | Villager (Male) |
| 10:47 | Build | Farm |
| 10:49 | Create | Villager (Male) |
| 10:59 | Create | Scout Cavalry |
| 11:08 | Create | Villager (Male) |
| 11:10 | Build | House |
| 11:31 | Create | Scout Cavalry |
| 11:33 | Create | Villager (Male) |
| 11:46 | Build | House |
| 11:47 | Create | Villager (Male) |
| 11:49 | Build | Farm |
| 11:50 | Build | Farm |
| 11:56 | Create | Scout Cavalry |
| 12:03 | Build | Farm |
| 12:04 | Create | Villager (Male) |
| 12:24 | Create | Scout Cavalry |
| 12:33 | Build | Farm |
| 12:42 | Create | Scout Cavalry |
| 12:54 | Build | Farm |
| 12:55 | Build | Farm |
| 13:01 | Build | Farm |
| 13:02 | Create | Villager (Male) |
| 13:22 | Create | Villager (Male) |
| 13:24 | Build | Farm |
| 13:25 | Build | Farm |
| 13:41 | Build | House |
| 13:42 | Build | Farm |
| 13:58 | Build | Farm |
| 14:31 | Create | Villager (Male) |
| 14:34 | Build | Mining Camp |
| 15:32 | Build | Farm |
| 15:33 | Create | Villager (Male) |
| 15:37 | Build | Market |
| 15:46 | Create | Villager (Male) |
| 16:38 | Research | Castle Age |
| 16:38 | Research | Castle Age |
| 16:42 | Research | Gold Mining |
| 17:28 | Build | Stable |
| 17:34 | Build | Blacksmith |
| 17:38 | Research | Bloodlines |
| 18:42 | Create | Villager (Male) |
| 19:18 | Age | Castle Age |
| 19:19 | Create | Knight |
| 19:19 | Create | Knight |
| 19:19 | Create | Knight |
| 19:22 | Build | Town Center |
| 19:23 | Research | Bow Saw |
| 19:30 | Build | Town Center |
| 19:32 | Create | Villager (Male) |
| 19:33 | Create | Knight |
| 19:49 | Create | Villager (Male) |
| 20:02 | Build | Monastery |
| 20:04 | Create | Knight |
| 20:06 | Create | Villager (Male) |
| 20:10 | Research | Scale Barding Armor |
| 20:18 | Create | Villager (Male) |
| 20:20 | Build | House |
| 20:21 | Build | House |
| 20:22 | Build | House |
| 20:22 | Build | House |
| 20:44 | Research | Wheelbarrow |
| 20:52 | Create | Knight |
| 20:54 | Create | Monk |
| 20:56 | Create | Villager (Male) |
| 21:09 | Create | Villager (Male) |
| 21:10 | Create | Villager (Male) |
| 21:11 | Build | Farm |
| 21:11 | Build | Farm |
| 21:12 | Build | Farm |
| 21:12 | Build | Farm |
| 21:12 | Build | Farm |
| 21:19 | Create | Knight |
| 21:19 | Create | Knight |
| 21:37 | Build | Farm |
| 21:39 | Create | Villager (Male) |
| 21:39 | Create | Villager (Male) |
| 21:39 | Create | Villager (Male) |
| 21:42 | Build | Farm |
| 21:42 | Build | Farm |
| 21:43 | Create | Villager (Male) |
| 21:53 | Create | Villager (Male) |
| 21:53 | Create | Villager (Male) |
| 21:55 | Build | House |
| 21:55 | Build | House |
| 21:56 | Build | House |
| 21:58 | Create | Monk |
| 22:21 | Create | Villager (Male) |
| 22:21 | Create | Villager (Male) |
| 22:21 | Create | Villager (Male) |
| 22:22 | Create | Villager (Male) |
| 22:26 | Create | Villager (Male) |
| 22:37 | Build | House |
| 22:38 | Build | House |
| 22:38 | Build | House |
| 22:46 | Create | Villager (Male) |
| 22:49 | Create | Villager (Male) |
| 22:50 | Create | Villager (Male) |
Build order — gardensalad
First 150 of 362 actions detected
| 0:00 | Create | Villager (Male) |
| 0:01 | Create | Villager (Male) |
| 0:03 | Build | House |
| 0:04 | Build | House |
| 0:05 | Create | Villager (Male) ×2 |
| 1:29 | Create | Villager (Male) |
| 1:56 | Create | Villager (Male) |
| 2:34 | Create | Villager (Male) |
| 2:34 | Create | Villager (Male) |
| 2:51 | Create | Villager (Male) ×2 |
| 2:51 | Create | Villager (Male) ×2 |
| 3:10 | Build | Settlement |
| 3:30 | Create | Villager (Male) |
| 3:52 | Build | House |
| 4:53 | Create | Villager (Male) ×5 |
| 4:54 | Create | Villager (Male) ×2 |
| 5:54 | Research | Loom |
| 6:16 | Build | House |
| 6:18 | Build | Palisade Wall |
| 6:25 | Research | Feudal Age |
| 7:00 | Build | Settlement |
| 7:30 | Create | Villager (Male) |
| 7:31 | Create | Villager (Male) |
| 8:20 | Build | Barracks |
| 8:43 | Age | Feudal Age |
| 8:47 | Research | Double-Bit Axe |
| 9:14 | Create | Unit 2550 |
| 9:14 | Create | Unit 2550 |
| 9:14 | Create | Unit 2550 |
| 9:19 | Build | House |
| 9:20 | Build | House |
| 9:20 | Create | Villager (Male) |
| 9:21 | Create | Villager (Male) |
| 9:27 | Build | Farm |
| 9:33 | Create | Unit 2550 |
| 9:33 | Create | Unit 2550 |
| 9:56 | Research | Horse Collar |
| 9:57 | Create | Villager (Male) |
| 9:59 | Create | Unit 2550 |
| 9:59 | Create | Unit 2550 |
| 10:15 | Create | Unit 2550 |
| 10:23 | Build | Farm |
| 10:30 | Build | Palisade Wall |
| 10:33 | Create | Unit 2550 |
| 10:36 | Create | Villager (Male) |
| 10:59 | Build | Farm |
| 11:00 | Build | Farm |
| 11:02 | Create | Villager (Male) ×2 |
| 11:19 | Research | Tech 1402 |
| 11:35 | Create | Unit 2550 |
| 11:35 | Create | Unit 2550 |
| 11:40 | Build | Farm |
| 11:41 | Build | Farm |
| 11:48 | Build | House |
| 11:52 | Create | Unit 2550 |
| 11:52 | Create | Unit 2550 |
| 11:58 | Create | Villager (Male) |
| 11:59 | Create | Villager (Male) |
| 12:09 | Build | Farm |
| 12:14 | Create | Villager (Male) |
| 12:14 | Create | Villager (Male) |
| 12:20 | Build | House |
| 12:30 | Build | Farm |
| 12:36 | Create | Unit 2550 |
| 12:36 | Create | Unit 2550 |
| 12:42 | Create | Villager (Male) |
| 12:43 | Create | Villager (Male) |
| 12:50 | Build | Farm |
| 13:01 | Create | Villager (Male) |
| 13:12 | Create | Unit 2550 |
| 13:13 | Create | Villager (Male) |
| 13:21 | Create | Villager (Male) |
| 13:22 | Create | Villager (Male) |
| 13:44 | Create | Unit 2550 |
| 13:47 | Build | Farm |
| 13:49 | Build | Farm |
| 13:50 | Build | Farm |
| 13:52 | Create | Villager (Male) |
| 14:10 | Build | Farm |
| 14:11 | Create | Villager (Male) |
| 14:20 | Create | Unit 2550 |
| 14:20 | Create | Unit 2550 |
| 14:30 | Build | Gate |
| 14:41 | Build | Stone Wall |
| 14:45 | Create | Unit 2550 |
| 14:46 | Create | Unit 2550 |
| 14:46 | Create | Villager (Male) |
| 15:04 | Create | Villager (Male) |
| 15:17 | Create | Unit 2550 |
| 15:17 | Create | Unit 2550 |
| 15:26 | Build | Farm |
| 15:31 | Build | Blacksmith |
| 15:41 | Create | Unit 2550 |
| 15:42 | Create | Villager (Male) |
| 15:46 | Create | Villager (Male) |
| 15:46 | Create | Villager (Male) |
| 15:50 | Build | Farm |
| 16:01 | Build | Stone Wall |
| 16:02 | Build | Stone Wall |
| 16:03 | Build | Stone Wall |
| 16:03 | Build | Stone Wall |
| 16:07 | Create | Villager (Male) |
| 16:08 | Create | Villager (Male) |
| 16:12 | Build | Farm |
| 16:15 | Create | Villager (Male) |
| 16:15 | Create | Villager (Male) |
| 16:33 | Research | Wheelbarrow |
| 17:23 | Build | Market |
| 17:47 | Build | Farm |
| 17:51 | Create | Villager (Male) |
| 17:52 | Create | Villager (Male) |
| 18:00 | Create | Villager (Male) |
| 18:00 | Create | Villager (Male) |
| 18:19 | Build | House |
| 18:44 | Research | Castle Age |
| 18:44 | Research | Castle Age |
| 19:01 | Build | Settlement |
| 19:17 | Research | Gold Mining |
| 20:01 | Create | Villager (Male) |
| 20:01 | Create | Villager (Male) |
| 20:01 | Create | Villager (Male) |
| 20:04 | Research | Scale Mail Armor |
| 20:04 | Research | Forging |
| 20:10 | Build | Barracks |
| 20:38 | Build | Barracks |
| 20:56 | Create | Villager (Male) |
| 21:03 | Build | Barracks |
| 21:28 | Create | Villager (Male) |
| 21:28 | Create | Villager (Male) |
| 21:32 | Create | Spearman |
| 21:32 | Create | Spearman |
| 21:32 | Create | Unit 2550 |
| 21:33 | Create | Unit 2550 |
| 21:33 | Create | Unit 2550 |
| 21:33 | Create | Unit 2550 |
| 21:33 | Create | Unit 2550 |
| 21:45 | Build | House |
| 21:46 | Build | House |
| 21:46 | Age | Castle Age |
| 21:54 | Build | Monastery |
| 22:06 | Research | Tech 1351 |
| 22:09 | Research | Squires |
| 22:10 | Create | Unit 2550 |
| 22:10 | Create | Unit 2550 |
| 22:10 | Create | Unit 2550 |
| 22:10 | Create | Unit 2550 |
| 22:12 | Create | Villager (Male) ×5 |
| 22:16 | Research | Chain Mail Armor |
| 22:16 | Create | Villager (Male) |
| 22:23 | Build | Stone Wall |
Match timeline
| 4:26 | Fliewa · wall_segment Palisade Wall x5 |
| 4:43 | FMG | GreatMaty · first_building Barracks |
| 6:18 | gardensalad · wall_segment Palisade Wall x12 |
| 6:37 | Fliewa · wall_segment Palisade Wall x2 |
| 6:38 | Fliewa · wall_segment Palisade Wall x1 |
| 6:39 | Fliewa · wall_segment Palisade Wall x1 |
| 7:38 | Fliewa · first_building Barracks |
| 8:11 | FMG | Santiago · first_building Barracks |
| 8:20 | gardensalad · first_building Barracks |
| 8:21 | FMG | GreatMaty · wall_segment Palisade Wall x8 |
| 8:43 | gardensalad · age_up feudal |
| 9:00 | FMG | GreatMaty · age_up feudal |
| 9:19 | FMG | GreatMaty · first_building Archery Range |
| 9:19 | FMG | Santiago · age_up feudal |
| 9:21 | FMG | Santiago · first_building Stable |
| 9:33 | Fliewa · age_up feudal |
| 9:38 | Fliewa · first_building Stable |
| 10:30 | gardensalad · wall_segment Palisade Wall x4 |
| 14:41 | gardensalad · wall_segment Stone Wall x6 |
| 16:01 | gardensalad · wall_segment Stone Wall x1 |
| 16:02 | gardensalad · wall_segment Stone Wall x1 |
| 16:03 | gardensalad · wall_segment Stone Wall x1 |
| 16:03 | gardensalad · wall_segment Stone Wall x1 |
| 19:18 | FMG | Santiago · age_up castle |
| 19:54 | FMG | GreatMaty · age_up castle |
| 20:02 | FMG | Santiago · first_building Monastery |
| 20:49 | Fliewa · age_up castle |
| 20:51 | FMG | GreatMaty · first_building Castle |
| 21:31 | Fliewa · first_market_sell 100 wood |
| 21:46 | gardensalad · age_up castle |
| 21:54 | gardensalad · first_building Monastery |
| 22:23 | gardensalad · wall_segment Stone Wall x1 |
| 25:31 | Fliewa · first_market_buy 100 food |
| 26:13 | FMG | GreatMaty · first_building Monastery |
| 27:24 | gardensalad · first_market_buy 100 food |
| 28:09 | FMG | Santiago · first_market_sell 100 stone |
| 30:28 | gardensalad · first_building Archery Range |
| 30:37 | Fliewa · first_building Castle |
| 34:48 | FMG | GreatMaty · first_market_sell 100 food |
| 35:09 | FMG | Santiago · first_market_buy 100 stone |
| 35:13 | FMG | Santiago · first_building Castle |
| 35:14 | FMG | GreatMaty · age_up imperial |
| 35:20 | FMG | GreatMaty · first_market_buy 100 food |
| 35:27 | Fliewa · resign |
[ AI ANALYSIS · 1 CREDIT ]
What really happened in this match?
Wolo.gg analyzes every decision: build order, eco, micro, common mistakes by bracket. Personalized analysis on WhatsApp or Discord in 30 seconds.
Civ guide
Tupi
Perfil
Jugador #9082593